 Dungeon Crawl Stone Soup version 0.29.0-4-gdea44cf6ec (webtiles) character file.

Game seed: 10716031860093181175

24 qw the Sneak (level 3, -1/28 HPs)
             Began as a Ghoul Enchanter on Sept 7, 2022.
             Slain by a jelly (2 damage)
             ... on level 2 of the Dungeon.
             The game lasted 00:00:44 (1910 turns).

qw the Sneak (Ghoul Enchanter)                      Turns: 1910, Time: 00:00:44

Health: -1/28      AC:  2    Str: 13    XL:     3   Next: 2%
Magic:  4/4        EV: 12    Int: 10    God:
Gold:   40         SH:  0    Dex:  9    Spells: 5/5 levels left

rFire   . . .      SeeInvis .   Y - +0 short sword
rCold   + . .      Faith    .   (no shield)
rNeg    + + +      Spirit   .   b - +0 robe
rPois   inf        Reflect  .   (no helmet)
rElec   .          Harm     .   (no cloak)
rCorr   .          Rampage  .   (no gloves)
Will    .....                   (no boots)
Stlth   ++........              (no amulet)
HPRegen 0.00/turn               (no ring)
MPRegen 0.09/turn               (no ring)

@: inhibited regen
A: claws 1, cold resistance 1, negative energy resistance 3, inhibited
regeneration, torment resistance 2, devour on kill
a: no special abilities


You were on level 2 of the Dungeon.
You visited 1 branch of the dungeon, and saw 2 of its levels.

You collected 40 gold pieces.


Innate Abilities, Weirdness & Mutations

You are immune to poison.
You have sharp fingernails.
Your flesh is cold resistant. (rC+)
You are immune to negative energy. (rN+++)
You do not regenerate when monsters are visible.
You are immune to unholy pain and torment.
You thrive by killing the living.


   Skills:
 + Level 1.0 Fighting
 - Level 0.8 Short Blades
 - Level 2.0 Axes
 - Level 1.7 Dodging
 - Level 3.2 Stealth
 - Level 1.7 Spellcasting
 - Level 2.4 Hexes


You had 5 spell levels left.
You didn't know any spells.
Your spell library contained the following spells:

 Spells                   Type           Power      Damage    Failure   Level
 Ensorcelled Hibernation  Hex/Ice        6%         N/A       30%         2
 Confusing Touch          Hex            5%         N/A       34%         3
 Tukima's Dance           Hex            5%         N/A       34%         3
 Dazzling Flash           Conj/Hex       6%         N/A       52%         3

Inventory:

Hand Weapons
 Y - a +0 short sword (weapon)
Armour
 a - a +0 scale mail
 b - a +0 robe (worn)
Scrolls
 h - a scroll of identify
Potions
 c - a potion of lignification {unknown}
 f - a potion of might {unknown}
 i - a potion of haste {unknown}
 j - a potion of heal wounds {unknown}

Dungeon Overview and Level Annotations

Branches:
Dungeon (2/15)

Altars:


Message History

d - a potion of brilliance
1860 ||| IDENTIFYING bubbling yellow potion Done exploring.
1861 ||| DROPPING potion of flight.
You drop a potion of flight.
Done exploring.
1862 ||| DROPPING 2 potions of invisibility.
You drop 2 potions of invisibility.
Done exploring.
1863 ||| DROPPING potion of brilliance.
You drop a potion of brilliance.
Done exploring.
(D) Dungeon
Where to? (* - list waypoints, ? - help)
What level of the Dungeon? (default 1, ? - help)
There is an open door here.
There is a stone staircase leading down here.
You climb downwards.
Found 11 gold pieces and a scale mail.
There is a stone staircase leading up here.
Existing waypoints: (2) D:1 Assign waypoint to what number? (0-9, D - delete waypoint) Waypoint 1 assigned to D:2.
You now have 40 gold pieces (gained 11).
Found a stone staircase leading up.
a - a +0 scale mail
c - a fizzy white potion A jelly comes into view.
The jelly quivers.
You completely miss the jelly. The jelly barely misses you.
You hit the jelly.
Your claws burn!
The jelly is lightly wounded.
The jelly hits you.
You are splashed with acid!
You hit the jelly.
Your claws burn!
The jelly is lightly wounded.
The jelly hits you.
You are splashed with acid.
You completely miss the jelly.
The jelly is lightly wounded.
The jelly hits you.
You die...

.... ##......
#....... #..#....
#..#.#.# #..#.#.#
#..#.#.# ###
#..#.#.# ....
...##.@#...###..###
#...J........<...
#.#.#####.##..### #
#. #.# .#
#.#####.##..##.
#.............#
#......<.......
#######.#####.. #.#


You could see a jelly.

Vanquished Creatures
  A dart slug (D:1)
  4 goblins (D:1)
  4 hobgoblins (D:1)
  3 ball pythons (D:1)
  2 bats (D:1)
  A frilled lizard (D:1)
  5 kobolds (D:1)
  3 rats (D:1)
23 creatures vanquished.

Notes
Turn   | Place    | Note
-------+----------+-------------------------------------------
     0 | D:1      | qw the Ghoul Enchanter began the quest for the Orb.
     0 | D:1      | Reached XP level 1. HP: 14/14 MP: 2/2
     0 | D:1      | 0 ||| qw: Version: 0.1-a-108-g9e35731
     0 | D:1      | 0 ||| qw: Game counter: 6424
     0 | D:1      | 0 ||| qw: Always use a shield: true
     0 | D:1      | 0 ||| qw: God list: Okawaru
     0 | D:1      | 0 ||| qw: Allow faded altars: false
     0 | D:1      | 0 ||| qw: Do Orc after D:15 true
     0 | D:1      | 0 ||| qw: Do second Lair branch before Depths: true
     0 | D:1      | 0 ||| qw: Lair rune preference: random
     0 | D:1      | 0 ||| qw: Plans: Normal
     0 | D:1      | 0 ||| PLANNING D:1-11
   123 | D:1      | 123 ||| SWAPPING to +0 short sword.
   130 | D:1      | 130 ||| DROPPING +1 dagger.
   181 | D:1      | 181 ||| DROPPING +2 whip of distortion.
   260 | D:1      | Reached skill level 1 in Axes
   302 | D:1      | HP: 2/15 [hobgoblin (2)]
   306 | D:1      | Reached XP level 2. HP: 3/22 MP: 3/3
   308 | D:1      | Reached skill level 1 in Fighting
   323 | D:1      | HP: 3/23 [rat (1)]
   599 | D:1      | 599 ||| Stepping ~*~*~tactically~*~*~ (stealth).
   603 | D:1      | 603 ||| Stepping ~*~*~tactically~*~*~ (stealth).
   606 | D:1      | 606 ||| Stepping ~*~*~tactically~*~*~ (stealth).
   807 | D:1      | 807 ||| Stepping ~*~*~tactically~*~*~ (stealth).
   809 | D:1      | 809 ||| Stepping ~*~*~tactically~*~*~ (stealth).
   817 | D:1      | 817 ||| Stepping ~*~*~tactically~*~*~ (stealth).
  1259 | D:1      | Found a faded altar of an unknown god.
  1649 | D:1      | Reached XP level 3. HP: 25/28 MP: 4/4
  1857 | D:1      | 1857 ||| READING scroll labelled GAFO GIQUYFIOS.
  1858 | D:1      | 1858 ||| READING 4 scrolls labelled CEUGETHR AHUA.
  1859 | D:1      | 1859 ||| READING 3 scrolls of identify.
  1859 | D:1      | 1859 ||| IDENTIFYING fuming clear potion
  1860 | D:1      | 1860 ||| READING 2 scrolls of identify.
  1860 | D:1      | 1860 ||| IDENTIFYING bubbling yellow potion
  1861 | D:1      | 1861 ||| DROPPING potion of flight.
  1862 | D:1      | 1862 ||| DROPPING 2 potions of invisibility.
  1863 | D:1      | 1863 ||| DROPPING potion of brilliance.
  1909 | D:2      | HP: 7/28 [acid (5)]
  1909 | D:2      | HP: 1/28 [acid (5)]
  1910 | D:2      | Slain by a jelly

Levels and vault maps discovered:
D:1:      eino_arrival_water_cross, layout_loops_corners,
          dreamdust_ecumenical_altar_angels_and_demons, minmay_misc_feat_doors
D:2:      layout_loops_ring, minivault_26

Skill      XL: |  1  2 |
---------------+-------+-----
Axes           | 1 2 |  2.0
Fighting       | 1 |  1.0
Short Blades   | |  0.8
Dodging        | |  1.7
Stealth        | |  3.2
Spellcasting   | |  1.7
Hexes          | |  2.4

Action                   || total
-------------------------++-------
Melee: Short sword       ||   118
       Dagger            ||     5
       Punch             ||     2
  Use: Scroll            ||     4
Armor: Robe              ||    11
Dodge: Dodged            ||    71

Table legend:
 A = Non-vault XP
 B = Vault XP
 C = Vault XP percentage of total XP
 D = Non-vault monster count
 E = Vault monster count
 F = Vault count percentage of total count
                 A         B        C        D         E       F
            +---------+---------+-------+---------+---------+-------
      Total |      35 |       0 |   0.0 |      23 |       0 |   0.0
            +---------+---------+-------+---------+---------+-------
        D:1 |      35 |       0 |   0.0 |      23 |       0 |   0.0
            +---------+---------+-------+---------+---------+-------
